 Dungeon Crawl Stone Soup version 0.19.5 (webtiles) character file.

247 Jerry the Slasher (level 5, -12/36 HPs)
             Began as a High Elf Gladiator on May 3, 2017.
             Killed by divine providence
             ... invoked by an orc priest
              (13 damage)
             ... on level 4 of the Dungeon.
             The game lasted 00:06:51 (3089 turns).

Jerry the Slasher (High Elf Gladiator)              Turns: 3089, Time: 00:06:51

Health: -12/36     AC:  7    Str: 14 (15) XL:     5   Next: 85%
Magic:  6/6        EV: 13    Int:  8 (11) God:
Gold:   134        SH:  0    Dex: 15 (16) Spells: 0 memorised, 4 levels left

rFire  + . .     SeeInvis .     a - +0 long sword
rCold  + . .     Gourm    .     g - +0 ring mail
rNeg   . . .     Faith    .     (no shield)
rPois  +         Spirit   .     c - +0 helmet
rElec  +         Reflect  .     e - +0 cloak
rCorr  +         Harm     .     (no gloves)
MR     .....                    (no boots)
Stlth  ..........               (no amulet)
                                (no ring)
                                o - +1 ring of evasion

@: confused, lethally poisoned (-12 -> -21), resistant
A: no striking features
a: no special abilities


You were on level 4 of the Dungeon.
You were not hungry.

You visited 1 branch of the dungeon, and saw 4 of its levels.

You collected 134 gold pieces.

Inventory:

Hand Weapons
 a - a +0 long sword (weapon)
 n - a +1 dagger of protection
Missiles
 d - 3 throwing nets (quivered)
Armour
 c - a +0 helmet (worn)
 e - a +0 cloak (worn)
 g - a +0 ring mail (worn)
Jewellery
 o - a +1 ring of evasion (left hand)
Scrolls
 h - 3 scrolls of identify {unknown}
 k - a scroll of remove curse {unknown}
 l - a scroll of magic mapping {unknown}
 s - a scroll of fog {unknown}
Potions
 b - a potion of degeneration
Comestibles
 f - 2 bread rations
 m - a chunk of flesh
 q - a meat ration
 r - 6 fruits
 t - a slice of pizza


   Skills:
 + Level 3.6 Fighting
 * Level 6.1 Long Blades
 - Level 2.0 Throwing
 + Level 2.2 Armour
 - Level 3.2 Dodging


You had 4 spell levels left.
You didn't know any spells.

Dungeon Overview and Level Annotations

Branches:
Dungeon (4/15)
 Temple: D:4-7

Altars:
Ashenzari
Fedhas
Makhleb
Nemelex Xobeh
Ru
Trog
Yredelemnul


Message History

a club; a leather armour; a whip You feel sick.
The orc wizard gestures at you while chanting.
The magic dart hits you!
* * * LOW HITPOINT WARNING * * *
You hear some strange, mumbled words.
A giant cockroach comes into view.
* * * LOW HITPOINT WARNING * * *
You feel sick.
* * * LOW HITPOINT WARNING * * *
You feel sick.
The orc wizard gestures wildly while chanting.
The orc wizard blinks!
* * * LOW HITPOINT WARNING * * *
You feel sick.
* * * LOW HITPOINT WARNING * * *
You feel sick.
The orc priest mumbles some strange prayers to Beogh against you.
Beogh smites you!
You die...

#.ยง..........
###o######.## ########o#
#........### # ...#####)..#
.## #...#####..##
#............ #............
#.@.s........
........##............
............##............
#............##...#.......#
#............##...#.......#
............##...#........
# #..........######......#.
. #..........######......#
..#...............'........


You could see an orc priest, an orc wizard and a giant cockroach.

Vanquished Creatures
  2 iguanas
  A worker ant (D:4)
  Ijyb (D:2)
  2 gnolls
  6 adders
  2 worms (D:2)
  A dart slug (D:1)
  3 leopard geckos
  3 orcs (D:4)
  6 giant cockroaches
  9 goblins
  5 hobgoblins
  4 kobolds
  A quokka (D:3)
  6 bats
  6 frilled lizards
  8 rats
66 creatures vanquished.

Notes
Turn   | Place    | Note
-------+----------+-------------------------------------------
     0 | D:1      | Jerry the High Elf Gladiator began the quest for the Orb.
     0 | D:1      | Reached XP level 1. HP: 14/14 MP: 2/2
   264 | D:1      | Reached XP level 2. HP: 19/19 MP: 3/3
   300 | D:1      | Reached skill level 4 in Long Blades
   369 | D:1      | Reached skill level 1 in Armour
   716 | D:2      | Reached XP level 3. HP: 25/25 MP: 4/4
  1286 | D:2      | Noticed Ijyb
  1299 | D:2      | Killed Ijyb
  1299 | D:2      | Reached skill level 5 in Long Blades
  1299 | D:2      | Reached XP level 4. HP: 23/30 MP: 5/5
  1608 | D:2      | Found a bloodstained altar of Trog.
  1685 | D:3      | Found a shattered altar of Ashenzari.
  1757 | D:3      | Found a basalt altar of Yredelemnul.
  1758 | D:3      | Found a burning altar of Makhleb.
  1759 | D:3      | Found a sparkling altar of Nemelex Xobeh.
  1759 | D:3      | Found a sacrificial altar of Ru.
  1991 | D:3      | Found a blossoming altar of Fedhas.
  2065 | D:3      | Reached XP level 5. HP: 35/36 MP: 6/6
  2895 | D:4      | Reached skill level 6 in Long Blades
  3089 | D:4      | HP: 1/36 [poisoned by an orc wizard]
  3089 | D:4      | Killed from afar by an orc priest

Skill      XL: |  1  2  3  4  5 |
---------------+----------------+-----
Long Blades    | 4 5 6 |  6.1
Armour         | 1 2 |  2.2
Fighting       | 3 |  3.6
Throwing       | |  2.0
Dodging        | |  3.2

Action                   |  1- 3 |  4- 6 || total
-------------------------+-------+-------++-------
Melee: Long sword        |    87 |   127 ||   214
  Use: Potion            |       |     4 ||     4
  Eat: Chunk             |     1 |     6 ||     7
Armor: Ring mail         |    40 |    63 ||   103
Dodge: Dodged            |    61 |    90 ||   151
       Rpst.: Long sword |    19 |    27 ||    46
